 Dungeon Crawl Stone Soup version 0.29.1-15-g9cfb28693d (webtiles) character file.

Game seed: 170484457849487586

1197 protoss039 the Digger (level 8, -7/61 HPs)
             Began as a Demonspawn Earth Elementalist on Mar 14, 2023.
             Killed from afar by Maggie (20 damage)
             ... with a bolt of fire
             ... on level 6 of the Dungeon.
             The game lasted 00:09:04 (5675 turns).

protoss039 the Digger (DsEE)                        Turns: 5675, Time: 00:09:04

Health: -7/61      AC: 10    Str:  9    XL:     8   Next: 20%
Magic:  0/15       EV: 12    Int: 19    God:
Gold:   219        SH:  0    Dex: 19    Spells: 10/16 levels left

rFire   . . .      SeeInvis .   l - +0 dagger (venom)
rCold   . . .      Faith    .   (no shield)
rNeg    . . .      Spirit   .   v - +0 leather armour
rPois   +          Reflect  .   B - +2 helmet
rElec   .          Harm     .   (no cloak)
rCorr   .          Rampage  .   o - +2 pair of gloves
Will    .....                   t - +0 pair of boots
Stlth   ++........              f - amulet of regeneration
HPRegen 1.00/turn               g - ring of poison resistance
MPRegen 0.28/turn               m - +6 ring of dexterity

@: about to teleport, mesmerised, very slightly contaminated
A: magic regeneration, sturdy frame 2, demonic touch 1
a: no special abilities


You were on level 6 of the Dungeon.
You visited 1 branch of the dungeon, and saw 6 of its levels.

You collected 219 gold pieces.

Inventory:

Hand Weapons
 l - a +0 dagger of venom (weapon)
 x - a +2 vorpal spear
Armour
 o - a +2 pair of gloves (worn)
 t - a +0 pair of boots (worn)
 v - a +0 leather armour (worn)
 B - a +2 helmet (worn)
Jewellery
 f - an amulet of regeneration (around neck)
 g - a ring of poison resistance (left hand)
 m - a +6 ring of dexterity (right hand)
 q - a ring of flight
 w - a ring of see invisible
 H - a ring of fire
Wands
 F - a wand of roots (7)
 G - a wand of paralysis (8)
Scrolls
 c - a scroll of identify
 d - a scroll of acquirement {unknown}
 i - a scroll of magic mapping {unknown}
 j - a scroll of brand weapon {unknown}
 k - a scroll of enchant weapon {unknown}
 n - 2 scrolls of teleportation
 p - a scroll of summoning {unknown}
 r - a scroll of silence {unknown}
 u - 4 scrolls of fear
 y - a scroll of amnesia {unknown}
 A - a scroll of vulnerability {unknown}
Potions
 a - a potion of invisibility {unknown}
 b - a potion of magic
 e - 2 potions of heal wounds
 h - 3 potions of degeneration
 s - 2 potions of curing
 z - a potion of flight {unknown}
 C - a potion of lignification {unknown}
 D - a potion of mutation {unknown}
 E - a potion of resistance {unknown}


   Skills:
 + Level 4.3 Fighting
 - Level 3.0 Armour
 - Level 1.7 Dodging
 - Level 1.7 Stealth
 + Level 4.6 Spellcasting
 + Level 4.0 Conjurations
 - Level 0.8 Transmutations
 + Level 5.0 Earth Magic


You had 10 spell levels left.
You knew the following spells:

 Your Spells              Type           Power      Damage    Failure   Level
a - Sandblast             Erth           46%        2d11      1%          1
b - Passwall              Tmut/Erth      12%        N/A       6%          2
c - Stone Arrow           Conj/Erth      42%        3d9       6%          3

Your spell library contained the following spells:

 Spells                   Type           Power      Damage    Failure   Level
 Freeze                   Ice            16%        1d4       13%         1
 Poisonous Vapours        Pois/Air       8%         N/A       21%         2
 Frozen Ramparts          Ice            8%         1d2       36%         3
 Gell's Gravitas          Tloc           4%         N/A       36%         3
 Teleport Other           Tloc           4%         N/A       36%         3
 Petrify                  Tmut/Erth      15%        N/A       36%         4
 Hailstorm                Conj/Ice       12%        3d5       50%         4
 Corpse Rot               Necr/Pois/Air  4%         N/A       78%         4
 Dispersal                Tloc           2%         N/A       100%        6


Dungeon Overview and Level Annotations

Branches:
Dungeon (6/15) Zot: 26768
 Temple: D:4-7

Altars:
Ashenzari
Fedhas
Qazlal
Ru
Sif Muna
Xom

Shops:
D:5 [

Annotations:
D:4 3 runed translucent doors, Crazy Yiuf; NimIero's ghost, amateur DrCj
D:6 Maggie


Innate Abilities, Weirdness & Mutations

You regenerate magic rapidly.
Your movements are less encumbered by armour. (ER -4)
Your touch may inflict minor irresistible damage on your foes.


Message History

You feel strangely unstable. The gnoll barely misses you. The hound bites you.
Unknown command.
Maggie gestures wildly while chanting.
Maggie attempts to bespell you!
You are mesmerised by Maggie!
The gnoll hits you but does no damage. The hound barely misses you.
Unknown command.
You cannot move away from Maggie!
Unknown command.
Casting: Sandblast (safe; 1% risk of failure)
Confirm with . or Enter, or press ? or * to list all spells.
Aiming: Stone Arrow (dangerous; 6% risk of failure)
Press: ? - help, Shift-Dir - straight line, f - Maggie, p - hound
Aim: Maggie, wielding a +0 morningstar of flaming and wearing +2 steam dragon scales (severely wounded, mesmerising, very poisoned, 71% to hit)
You miscast Stone Arrow.
You are very lightly contaminated with residual magic.
Nothing appears to happen.
Maggie says, "Fear not.
I will immortalize you in the tale of my first kill."
The hound bites you but does no damage. The gnoll closely misses you.
Unknown command.
Unknown command.
Casting: Stone Arrow (dangerous; 6% risk of failure)
Confirm with . or Enter, or press ? or * to list all spells.
You don't have enough magic to cast this spell.
Casting: Stone Arrow (dangerous; 6% risk of failure)
Confirm with . or Enter, or press ? or * to list all spells.
Aiming: Sandblast (safe; 1% risk of failure)
Press: ? - help, Shift-Dir - straight line, f/p - Maggie
Aim: Maggie, wielding a +0 morningstar of flaming and wearing +2 steam dragon scales (severely wounded, mesmerising, very poisoned, 83% to hit)
The blast of sand hits the gnoll!
The gnoll is severely wounded.
The hound bites you but does no damage.
Maggie says, "If you die in the Dungeon, but nobody's around to see it, does it really matter?"
The gnoll bouda calls upon its god to heal the gnoll.
The gnoll is healed somewhat.
The hound bites you. The gnoll hits you with a +0 flail!
* * * LOW HITPOINT WARNING * * *
Maggie points at you and mumbles some strange words.
The bolt of fire hits you!!
You die...

...........#+# #.#.........
............. #.#..########
.............. #.[..........
.......##......####..#######
........#....## ##.#
........# #...# #.#
######### #..######.## .
#..........# ..
#...#@.....## ...
#...#hg@....## ##.g
#...#.g......### ....g
#...g..#.........
$.!..)#).....#...#....>.
#..'......+...+......
......#...####...#######
..... #...........# ##..
##..........#


You could see Maggie (mesmerising, very poisoned), a gnoll bouda, a hound and 2
gnolls.

Vanquished Creatures
  Grinder (D:5)
  Eustachio (D:4)
  Edmund (D:5)
  A black bear (D:5)
  3 scorpions
  3 hounds
  A jelly (D:5)
  Terence (D:3)
  4 iguanas
  An orc wizard (D:5)
  Robin (D:4)
  A gnoll (D:6)
  4 adders
  3 river rats (D:5)
  A shadow imp (D:6)
  An ufetubus (D:4)
  4 worms
  6 dart slugs
  10 orcs
  5 endoplasms
  A giant cockroach (D:1)
  14 goblins
  13 hobgoblins
  A jackal (D:3)
  3 quokkas
  10 ball pythons
  7 bats
  A frilled lizard (D:2)
  10 kobolds
  10 rats
123 creatures vanquished.

Vanquished Creatures (others)
  An orc (D:6)
1 creature vanquished.

Grand Total: 124 creatures vanquished

Notes
Turn   | Place    | Note
-------+----------+-------------------------------------------
     0 | D:1      | protoss039 the Demonspawn Earth Elementalist began the
                  | quest for the Orb.
     0 | D:1      | Reached XP level 1. HP: 13/13 MP: 3/3
   121 | D:1      | Found a faded altar of an unknown god.
   577 | D:1      | Gained mutation: You regenerate magic rapidly. [demonic
                  | ancestry]
   577 | D:1      | Reached XP level 2. HP: 20/20 MP: 3/5
   621 | D:1      | Reached skill level 1 in Fighting
   650 | D:1      | Reached skill level 3 in Earth Magic
   973 | D:1      | Reached XP level 3. HP: 24/26 MP: 2/6
  1426 | D:1      | Learned a level 2 spell: Passwall
  1430 | D:1      | Learned a level 3 spell: Stone Arrow
  2117 | D:2      | Found a shimmering altar of Xom.
  2715 | D:3      | Noticed Terence
  2728 | D:3      | Killed Terence
  2729 | D:3      | Gained mutation: Your movements are slightly less
                  | encumbered by armour. (ER -2) [demonic ancestry]
  2729 | D:3      | Reached XP level 4. HP: 31/33 MP: 6/8
  2875 | D:3      | Reached skill level 1 in Conjurations
  3061 | D:3      | Found a broken altar of Ashenzari.
  3413 | D:3      | Found a shimmering blue altar of Sif Muna.
  3479 | D:4      | Reached skill level 1 in Armour
  3498 | D:4      | Noticed Robin
  3542 | D:4      | Killed Robin
  3543 | D:4      | Reached XP level 5. HP: 37/38 MP: 4/9
  3831 | D:4      | Found a blossoming altar of Fedhas.
  4005 | D:4      | Noticed Eustachio
  4022 | D:4      | Killed Eustachio
  4023 | D:4      | Gained mutation: Your touch may inflict minor irresistible
                  | damage on your foes. [demonic ancestry]
  4023 | D:4      | Reached XP level 6. HP: 46/46 MP: 4/11
  4076 | D:4      | Found a runed translucent door.
  4077 | D:4      | Noticed Crazy Yiuf
  4110 | D:4      | Found a runed translucent door.
  4111 | D:4      | Noticed NimIero's ghost (amateur DrCj)
  4131 | D:4      | Found a runed translucent door.
  4368 | D:5      | Entered Level 5 of the Dungeon
  4375 | D:5      | Found Yvvu's Armour Emporium.
  4383 | D:5      | Reached skill level 4 in Earth Magic
  4455 | D:5      | Noticed Edmund
  4472 | D:5      | Killed Edmund
  4502 | D:5      | Found a stormy altar of Qazlal.
  4514 | D:5      | Gained mutation: Your movements are less encumbered by
                  | armour. (ER -4) [demonic ancestry]
  4514 | D:5      | Reached XP level 7. HP: 52/52 MP: 9/12
  4657 | D:5      | Noticed Grinder
  4666 | D:5      | Paralysed by Grinder for 3 turns
  4671 | D:5      | Killed Grinder
  4847 | D:5      | Found a sacrificial altar of Ru.
  5150 | D:5      | Reached XP level 8. HP: 60/60 MP: 9/14
  5538 | D:6      | Reached skill level 5 in Earth Magic
  5658 | D:6      | Noticed Maggie
  5675 | D:6      | Killed from afar by Maggie

Illustrated notes

Levels and vault maps discovered:
D:1:      lightli_arrival_farm, layout_loops_ring,
          hellmonk_ecumenical_altar_zigzags, hangedman_decor_opposing
D:2:      minmay_alternating_diamond, layout_loops_corners, basic_altar
D:3:      layout_basic, ashenzari_altar_1, nicolae_overflow_hidden_temple,
          kennysheep_crisscross, minmay_increasing_density, uniq_terence
D:4:      layout_basic, mainiacjoe_overflow_alcove_2,
          mainiacjoe_overflow_alcove_1, ebering_ghost_sewer_f, uniq_robin,
          uniq_eustachio, uniq_crazy_yiuf_cottage
D:5:      layout_basic, elyvilon_altar_4, nicolae_ru_great_annihilating_truth,
          mainiacjoe_overflow_surrounded_room, lightli_sewer_entry_pipes,
          serial_shops, nicolae_take_the_stairs, uniq_grinder, uniq_edmund
D:6:      layout_basic, minmay_temple_entry_proselytizer, serial_shops,
          kennysheep_little_box, kennysheep_generic_room_16, uniq_maggie

Skill      XL: |  1  2  3  4  5  6  7  8 |
---------------+-------------------------+-----
Fighting       | 1 2 3 4 |  4.3
Earth Magic    | 3 4 5 |  5.0
Conjurations   | 1 2 3 4 |  4.0
Armour         | 1 2 3 |  3.0
Spellcasting   | 3 4 |  4.6
Dodging        | |  1.7
Stealth        | |  1.7
Transmutations | |  0.8

Action                   |  1- 3 |  4- 6 |  7- 9 || total
-------------------------+-------+-------+-------++-------
Melee: Unarmed           |    12 |       |       ||    12
       Dagger            |    75 |    97 |    29 ||   201
       Club              |     3 |       |       ||     3
       Touch             |       |     3 |     5 ||     8
       Punch             |       |     1 |     1 ||     2
 Cast: Sandblast         |    31 |    40 |    42 ||   113
       Passwall          |       |     1 |       ||     1
       Stone Arrow       |       |     2 |    19 ||    21
  Use: Scroll            |       |     5 |     1 ||     6
       Potion            |       |       |     1 ||     1
 Stab: Sleeping          |     4 |     2 |       ||     6
Armor: Robe              |    18 |       |       ||    18
       Leather armour    |     8 |    41 |    27 ||    76
Dodge: Dodged            |    61 |    62 |    35 ||   158
